 Dungeon Crawl Stone Soup version 0.18-a0-1639-g7533f42 (webtiles) character file.

16834 namelastname112 the Martial Artist (level 12, -1/92 HPs)
             Began as a Grey Draconian Monk on Mar 27, 2016.
             Was a Priest of Ru.
             Collided with a stone wall (14 damage)
             ... caused by a deep elf mage
             ... on level 12 of the Dungeon.
             The game lasted 00:44:23 (13956 turns).

namelastname112 the Martial Artist (DrMo)          Turns: 13956, Time: 00:44:23

Health: -1/92      AC: 17    Str: 15    XL:     12   Next: 13%
Magic:  17/17      EV: 21    Int: 13    God:    Ru [***...]
Gold:   742        SH:  0    Dex: 17    Spells: 1 memorised, 14 levels left

rFire  . . .     SeeInvis .       - Unarmed
rCold  . . .     Gourm    .     (armour unavailable)
rNeg   . . .     Faith    .     (no shield)
rPois  .         Spirit   .     (helmet restricted)
rElec  .         Dismiss  .     (no cloak)
rCorr  .         Reflect  .     o - +2 pair of gloves {archery}
SustAt .         Harm     .     (no boots)
MR     +....                    (no amulet)
Stlth  ..........               D - ring of protection from magic
                                C - +5 ring of evasion

@: studying Earth Magic, drained, somewhat resistant to hostile enchantments,
extremely unstealthy
A: walk through water, unfitting armour, clever 1, frail 1, high mp 1, screaming
1, shaggy fur 1, unbreathing, cold-blooded, no stealth, inability to use
devices, AC +13
a: Draw Out Power, Renounce Religion


You were on level 12 of the Dungeon.
You worshipped Ru.
Ru was most pleased with you.
You were not hungry.

You visited 2 branches of the dungeon, and saw 13 of its levels.

You collected 742 gold pieces.

Inventory:

Missiles
 m - a throwing net (quivered)
Armour
 o - a +2 pair of gloves of archery (worn)
 y - the +2 buckler "Saugg" {-Tele rC+++ rCorr}
   (You found it on level 4 of the Dungeon)

   It renders you almost immune to cold.
   It prevents most forms of teleportation.
   It protects you from acid and corrosion.
Jewellery
 i - an uncursed ring of resist corrosion
 z - an uncursed ring of see invisible
 C - a +5 ring of evasion (left hand)
 D - a ring of protection from magic (right hand)
Scrolls
 e - 2 scrolls of magic mapping
 h - a scroll of fear
 j - 3 scrolls of teleportation
 p - 3 scrolls of blinking
 v - 6 scrolls of remove curse
 L - 2 scrolls of enchant armour
Potions
 f - 3 potions of flight
 g - 3 potions of cancellation
 k - a potion of ambrosia
 n - 3 potions of lignification
 q - 6 potions of curing
 r - a potion of magic {unknown}
 u - 7 potions of agility
 w - 3 potions of cure mutation
 A - 4 potions of brilliance
 K - a potion of berserk rage
Books
 d - a book of Death

   Spells                             Type                      Level
   a - Corpse Rot                     Necromancy                   2
   b - Sublimation of Blood           Necromancy                   2
   c - Agony                          Necromancy                   5
   d - Dispel Undead                  Necromancy                   5
   e - Excruciating Wounds            Charms/Necromancy            5
   f - Bolt of Draining               Conjuration/Necromancy       5
 F - a book of Hinderance

   Spells                             Type                      Level
   a - Confusing Touch                Hexes                        2
   b - Confuse                        Hexes                        3
   c - Gell's Gravitas                Hexes/Translocation          3
   d - Petrify                        Transmutation/Earth          4
   e - Metabolic Englaciation         Hexes/Ice                    5
   f - Yara's Violent Unravelling     Hexes/Transmutation          5
 J - a manual of Earth Magic
Comestibles
 a - 9 bread rations
 l - 6 meat rations
 B - a beef jerky
 E - 15 fruits


   Skills:
 + Level 8.4(7.5) Fighting
 + Level 6.3(5.5) Dodging
 - Level 8.1(7.2) Shields
 * Level 14.6(13.6) Unarmed Combat
 + Level 2.7(1.9) Spellcasting
 + Level 2.2(1.5) Hexes
 + Level 5.1(4.3) Earth Magic


You had 14 spell levels left.
You knew the following spells:

 Your Spells              Type           Power        Failure   Level  Hunger
a - Confusing Touch       Hex            #.....       21%         2    ###....


Dungeon Overview and Level Annotations

Branches:
Dungeon (12/15)            Temple (1/1) D:5            Lair (0/8) D:10
    Orc: D:9-12

Altars:
Ashenzari
Cheibriados
Dithmenos
Elyvilon
Fedhas
Gozag
Kikubaaqudgha
Makhleb
Nemelex Xobeh
Okawaru
Pakellas
Qazlal
Ru
Sif Muna
Trog
Vehumet
Xom
Yredelemnul
Zin
The Shining One

Shops:
D:8 %

Annotations:
D:10 exclusions: electric eel and 2 more exclusions
D:12 Nergalle, Rupert


Innate Abilities, Weirdness & Mutations

You can walk through water.
Your dull iron-grey scales are very hard (AC +13).
Your body does not fit into most forms of armour.
You can survive without breathing.
You are cold-blooded and may be slowed by cold attacks.
You cannot be stealthy.
You cannot study or use magical devices.
Your mind is acute. (Int +2)
You are frail (-10% HP).
You have an increased reservoir of magic (+10% MP).
You occasionally shout uncontrollably at your foes.
You are covered in fur (AC +1).


Message History

Nergalle is severely wounded.
The deep elf mage points at you and mumbles some strange words.
The lance of force hits you!
You are knocked back by the lance of force.
You slam into the stone wall!
You focus your will and illuminate the deep elf mage in retribution!
The battlesphere fires!
The barrage of energy hits you! Nergalle completely misses you.
You hear a bellow! x2
You punch Nergalle!
Nergalle is almost dead.
The spectral orc knight completely misses you.
You hit Nergalle but do no damage.
Nergalle is almost dead.
The deep elf mage casts a spell at you. The lance of force hits you!
* * * LOW HITPOINT WARNING * * *
You are knocked back by the lance of force.
You slam into the stone wall!
You die...

#...#(.#..Z###...###...#
##.o.##Z#.###..#..###.#.#
#.(.##.##.#.#...#.#.##.#
#...###)##...#.#...# #
######...##.Z.#.#..#".#.#
.........###.##...#.#...#
######...##.##.#Z#...#.#.#
##...##.#o###.Z#..###.#
#...#..#Ze@###Z..##
#...#..#*H#Z#.###.#
#...#.##.#ZZZ##.##..
#...##.##...##...## .
#..#.#.#####..#
#...##.#..#..### #
#...###.##...#######...
.....# ##.####.......###
.....## ##..............


You could see Nergalle, a spectral orc, 2 spectral orc warriors, a spectral orc
knight, a deep elf mage, a hippogriff and a battlesphere.

Vanquished Creatures
  2 hydras
  Erica (D:11)
  A death yak (D:10)
  2 hill giants
  2 ugly things (D:12)
  A cyclops (D:12)
  3 centaur skeletons
  A kobold demonologist (D:11)
  A troll (D:9)
  A polar bear (D:10)
  2 two-headed ogres (D:10)
  Sigmund (D:4)
  A wyvern (D:10)
  2 hippogriffs
  9 yaks
  The ghost of dohliylev the Shield-Bearer, an amateur MiFi of Qazlal (D:4)
  A hungry ghost (D:10)
  Grum (D:8)
  2 mottled dragons (D:11)
  Edmund (D:5)
  A water moccasin (D:10)
  4 orc warriors
  5 ice beasts (D:10)
  7 ogres
  A sky beast (D:8)
  A black bear (D:9)
  A necrophage (D:6)
  5 wolves
  5 phantoms
  An eye of draining (D:10)
  12 centaurs
  A crocodile (D:11)
  8 giant frogs
  2 big kobolds
  2 scorpions
  16 killer bees
  7 wights
  4 howler monkeys
  3 centaur zombies
  12 crimson imps
  A wasp zombie (D:8)
  3 giant frog zombies
  3 quasits
  3 jellies (D:9)
  A giant frog skeleton (D:8)
  6 hounds
  8 orc priests
  3 iguanas
  3 worker ants
  Natasha (twice) (D:4)
  17 orc wizards
  2 killer bee zombies
  A giant frog simulacrum (D:10)
  A centaur simulacrum (D:10)
  A hound skeleton (D:5)
  A howler monkey skeleton (D:10)
  4 gnolls (D:4)
  13 adders
  2 shadow imps
  8 white imps
  2 ufetubi (D:10)
  An adder zombie (D:5)
  4 worms
  4 dart slugs
  5 giant geckos
  44 orcs
  9 giant cockroaches
  7 goblins
  10 hobgoblins
  19 jackals
  21 kobolds
  4 quokkas
  3 ball pythons
  9 bats
  7 giant newts
  A jackal zombie (D:9)
  A quokka zombie (D:6)
  20 rats
388 creatures vanquished.

Vanquished Creatures (others)
  An unseen horror (D:12)
1 creature vanquished.

Grand Total: 389 creatures vanquished

Notes
Turn   | Place    | Note
--------------------------------------------------------------
     0 | D:1      | namelastname112 the Draconian Monk began the quest for the Orb.
     0 | D:1      | Reached XP level 1. HP: 19/19 MP: 1/1
   165 | D:1      | Reached XP level 2. HP: 26/26 MP: 2/2
   322 | D:1      | Reached skill level 5 in Unarmed Combat
   328 | D:1      | Reached XP level 3. HP: 17/31 MP: 3/3
  1186 | D:2      | Reached XP level 4. HP: 36/38 MP: 4/4
  1707 | D:3      | Reached skill level 6 in Unarmed Combat
  1950 | D:3      | Reached XP level 5. HP: 35/45 MP: 5/5
  2257 | D:3      | Reached skill level 7 in Unarmed Combat
  2711 | D:3      | Reached XP level 6. HP: 29/51 MP: 6/6
  3201 | D:4      | Reached skill level 8 in Unarmed Combat
  3402 | D:4      | Got a heavily runed buckler
  3416 | D:4      | Identified the +2 buckler "Saugg" {-Tele rC+++ rCorr} (You found it on level 4 of the Dungeon)
  3671 | D:4      | Noticed Natasha
  3684 | D:4      | Killed Natasha
  3684 | D:4      | Your scales start taking on a dull iron-grey colour.
  3684 | D:4      | Reached XP level 7. HP: 44/57 MP: 7/7
  3684 | D:4      | Gained mutation: You can survive without breathing. [Grey Draconian growth]
  3817 | D:4      | Found a bloodstained altar of Trog.
  3817 | D:4      | Found an iron altar of Okawaru.
  3909 | D:4      | Noticed dohliylev's ghost (amateur MiFi)
  3957 | D:3      | Gained mutation: Your mind is acute. (Int +2) [potion of mutation]
  3957 | D:3      | Gained mutation: You are covered in fur (AC +1). [potion of mutation]
  3957 | D:3      | Gained mutation: You occasionally shout uncontrollably at your foes. [potion of mutation]
  3989 | D:4      | Killed dohliylev's ghost
  3989 | D:4      | Reached skill level 9 in Unarmed Combat
  4192 | D:4      | Noticed Sigmund
  4203 | D:4      | Killed Sigmund
  4203 | D:4      | Reached skill level 10 in Unarmed Combat
  4203 | D:4      | Reached XP level 8. HP: 63/63 MP: 8/8
  4283 | D:4      | Noticed Natasha
  4290 | D:4      | Killed Natasha
  4345 | D:5      | Entered Level 5 of the Dungeon
  4450 | D:5      | Found a staircase to the Ecumenical Temple.
  4512 | Temple   | Entered the Ecumenical Temple
  4572 | Temple   | Became a worshipper of Ru the Awakened
  4581 | Temple   | Gained mutation: You cannot be stealthy. [Ru sacrifice]
  4693 | D:5      | Found an opulent altar of Gozag.
  4973 | D:5      | Found a white marble altar of Elyvilon.
  5423 | D:6      | Noticed Edmund
  5434 | D:5      | Reached skill level 11 in Unarmed Combat
  5461 | D:5      | Killed Edmund
  5838 | D:6      | Found a shattered altar of Ashenzari.
  5985 | D:6      | Reached skill level 12 in Unarmed Combat
  6046 | D:6      | You fall through a shaft!
  6143 | D:7      | Reached XP level 9. HP: 70/70 MP: 9/9
  6402 | D:7      | Found a shimmering altar of Xom.
  6402 | D:7      | Found a white marble altar of Elyvilon.
  6724 | D:7      | Reached skill level 1 in Shields
  6847 | D:8      | Found Immuk's Food Shop.
  7135 | D:8      | Noticed Grum
  7216 | D:7      | Found a basalt altar of Yredelemnul.
  7234 | D:8      | Killed Grum
  7281 | D:8      | Reached skill level 5 in Fighting
  7324 | D:8      | Reached XP level 10. HP: 53/81 MP: 10/10
  7691 | D:8      | Found a blossoming altar of Fedhas.
  7695 | D:8      | crauler: у меня там гоблин которого я не могу убить
  7703 | D:8      | Reached skill level 13 in Unarmed Combat
  7708 | D:8      | crauler: волт рю, гоблин постоянно слепой
  7708 | D:8      | crauler: а я с тсо
  7711 | D:8      | Gained mutation: You are frail (-10% HP). [mutagenic meat]
  7713 | D:8      | Gained mutation: You have an increased reservoir of magic (+10% MP). [mutagenic meat]
  7775 | D:8      | Reached skill level 5 in Shields
  8137 | D:9      | Found a glowing golden altar of the Shining One.
  8456 | D:9      | Found a glowing silver altar of Zin.
  8653 | D:9      | Learned a level 2 spell: Confusing Touch
  9161 | D:10     | Entered Level 10 of the Dungeon
  9174 | D:10     | Reached skill level 5 in Dodging
  9311 | D:10     | Noticed a death yak
  9343 | D:10     | Killed a death yak
  9343 | D:10     | Reached XP level 11. HP: 18/81 MP: 12/12
  9835 | D:10     | Gained mutation: You cannot study or use magical devices. [Ru sacrifice]
  9835 | D:10     | Reached * piety under Ru
  9835 | D:10     | Reached ** piety under Ru
  9835 | D:10     | Reached *** piety under Ru
 10604 | D:10     | Found a staircase to the Lair.
 10621 | D:10     | Reached skill level 14 in Unarmed Combat
 11272 | D:11     | Noticed a four-headed hydra
 11281 | D:11     | Killed a four-headed hydra
 11657 | D:11     | Reached skill level 1 in Earth Magic
 11857 | D:11     | Noticed Erica
 11881 | D:11     | Killed Erica
 11881 | D:11     | Reached skill level 1 in Spellcasting
 11955 | D:11     | Noticed a hill giant
 11963 | D:11     | Killed a hill giant
 11963 | D:11     | Reached skill level 1 in Hexes
 12760 | D:12     | Noticed a hill giant
 12765 | D:12     | Killed an unseen horror
 13084 | D:12     | Noticed a seven-headed hydra
 13211 | D:12     | Killed a seven-headed hydra
 13355 | D:12     | Noticed Rupert
 13378 | D:12     | Noticed a white ugly thing
 13390 | D:12     | Killed a white ugly thing
 13390 | D:12     | Reached XP level 12. HP: 75/91 MP: 16/16
 13498 | D:12     | mdfi: rip
 13604 | D:12     | Reached skill level 5 in Earth Magic
 13882 | D:12     | Noticed Nergalle
 13903 | D:12     | crauler: now is not the time for fear, that comes later
 13956 | D:12     | Collided with a stone wall

Vault maps used:
D:1:      erik_arrival_orb_chamber
D:2:      forest_paths, st_stairs_9
D:3:      wad_river_or_something, serial_co_window_serial, co_window_paths_b,
          co_window_corner_a, co_window_of_opportunity_a, co_window_paths_a,
          co_window_paths_a, co_window_paths_a, co_window_corner_b,
          co_window_cross_2, co_window_of_opportunity_c, co_window_paths_d,
          glass_columns_c, glass_columns_b, glass_columns_a
D:4:      grunt_temple_overflow_bloody_war, first_bread, uniq_natasha,
          uniq_sigmund
D:5:      nicolae_gozag_cash_rules_everything_around_me,
          minmay_temple_entry_large_hall, basic_altar,
          kennysheep_generic_room_10
D:6:      cheibrodos_ashenzari_chains, minmay_holes, uniq_edmund
D:7:      nicolae_overflow_hidden_temple
D:8:      serial_shops, shop, hangedman_tree_tricks, uniq_grum
D:9:      lemuel_doored_altar, basic_altar, minmay_nine_imps
D:10:     dpeg_oklobed_lair, serial_ice, serial_ice_o, serial_ice_m,
          serial_ice_h, serial_ice_g, serial_ice_a, serial_ice_k, serial_ice_e,
          serial_ice_n, serial_ice_c, serial_ice_f
D:11:     uniq_erica
D:12:     minmay_ornate_pinched, david_orc_4, basic_altar, uniq_frances,
          uniq_rupert, uniq_nergalle
Temple:   zaba_magenta_temple_12

Skill      XL: |  1  2  3  4  5  6  7  8  9 10 11 12 |
---------------+-------------------------------------+-----
Unarmed Combat | 5 6 7 8 10 12 13 14 | 14.6
Stealth        | 0 |  0.0
Dodging        | 4 5 6 |  6.3
Shields        | 4 7 8 |  8.1
Fighting       | 5 6 8 |  8.4
Earth Magic    | 4 5 |  5.1
Spellcasting   | 2 |  2.7
Hexes          | 2 |  2.2

Action                   |  1- 3 |  4- 6 |  7- 9 | 10-12 || total
-------------------------+-------+-------+-------+-------++-------
Melee: Unarmed           |   159 |   263 |   405 |   841 ||  1668
Throw: Throwing net      |       |       |       |     1 ||     1
Invok: Sacrifice Stealth |       |       |     1 |       ||     1
       Reject Sacrifices |       |       |     1 |     1 ||     2
       Sacrifice Artific |       |       |       |     1 ||     1
       Draw Out Power    |       |       |       |     1 ||     1
  Use: Scroll            |       |       |     9 |    14 ||    23
       Potion            |       |       |     2 |     3 ||     5
 Stab: Sleeping          |     4 |     5 |     2 |       ||    11
       Distracted        |       |       |       |     4 ||     4
  Eat: Chunk             |     1 |     8 |     7 |    26 ||    42
       Meat ration       |       |       |     1 |       ||     1
       Pizza             |       |       |     1 |       ||     1
       Beef jerky        |       |       |       |     1 ||     1
